 Dungeon Sprint DCSS version 0.17-a0-2127-g1cb09f6 (webtiles) character file.

541 Kidiri the Covert (level 7, -3/28 HPs)
             Began as a Spriggan Enchanter on Oct 23, 2015.
             Was an Initiate of Dithmenos.
             Slain by a spatial vortex (16 damage)
             ... in the Dungeon (Sprint III: "The Ten Rune Challenge").
             The game lasted 00:04:42 (744 turns).

Kidiri the Covert (Spriggan Enchanter)               Turns: 744, Time: 00:04:43

Health: -3/28      AC:  5    Str:  6    XL:     7   Next: 5%
Magic:  1/20       EV: 27    Int: 15    God:    Dithmenos [......]
Gold:   32         SH:  0    Dex: 18    Spells: 5 memorised, 11 levels left

rFire  . . .     SeeInvis +     a - +1 dagger
rCold  . . .     Clarity  .     b - +1 robe
rNeg   . . .     SustAt   .     (shield restricted)
rPois  .         Gourm    .     (helmet restricted)
rElec  .         Spirit   .     (no cloak)
rCorr  .         Warding  .     (gloves unavailable)
rMut   .         NoTele   +     (boots unavailable)
MR     +....                    (no amulet)
Stlth  ++++++....               (no ring)
                                (no ring)

@: very slightly contaminated, very quick, somewhat resistant to hostile
enchantments, very stealthy
A: unfitting armour, thin metallic scales 1, see invisible, dopey 1, herbivore
3, speed 3, frail 1, mutation resistance 1, slow metabolism 2, strong 1, wild
magic 1
a: Renounce Religion


You were in the Dungeon.
You worshipped Dithmenos.
Dithmenos was noncommittal.
You were not hungry.

You visited 1 branch You collected 32 gold pieces.

Inventory:

Hand Weapons
 a - a +1 dagger (weapon)
Armour
 b - a +1 robe (worn)
Scrolls
 j - a scroll of blinking
 o - a scroll of holy word {unknown}
 p - a scroll of remove curse {unknown}
 t - a scroll of torment {unknown}
Potions
 e - a potion of curing
 f - a potion of heal wounds
 g - a potion of haste
 h - 2 potions of magic
 i - a potion of berserk rage
 r - a potion of cure mutation
 s - a potion of brilliance
 v - a potion of cancellation
Comestibles
 c - a royal jelly
 d - 2 bread rations
 q - 5 fruits


   Skills:
 * Level 7.9 Short Blades
 + Level 3.4 Armour
 * Level 10.4 Dodging
 * Level 11.4 Stealth
 * Level 8.9 Spellcasting
 + Level 3.1 Conjurations
 + Level 7.0 Hexes
 + Level 3.5 Ice Magic
 + Level 0.0 Invocations


You had 11 spell levels left.
You knew the following spells:

 Your Spells              Type           Power        Failure   Level  Hunger
a - Corona                Hex            #####..      3%          1    None
b - Ensorcelled Hibernat  Hex/Ice        ####..       5%          2    None
c - Confuse               Hex            #####...     5%          3    #......
d - Tukima's Dance        Hex            #####...     5%          3    #......
e - Dazzling Spray        Conj/Hex       ####....     11%         3    #......


Dungeon Overview and Level Annotations

Branches:
Dungeon (1/1)

Altars:
Dithmenos
Gozag
Makhleb
Nemelex Xobeh
Qazlal
Ru
Xom
Jiyva
Lugonu


Innate Abilities, Weirdness & Mutations

You are tiny and cannot use many weapons and most armour.
You have supernaturally acute eyesight.
You are a herbivore.
You cover ground extremely quickly.
You need consume almost no food.
You are partially covered in thin metallic scales (AC +2).
You are dopey. (Int -2)
You are frail (-10% HP).
You are somewhat resistant to further mutation.
Your muscles are strong. (Str +2)
Your spells are a little harder to cast, but a little more powerful.


Message History

Confirm with . or Enter, or press ? or * to list all spells.
Aiming: Dazzling Spray
Press: ? - help, Shift-Dir - straight line, f/p - spatial vortex
Aim: a spatial vortex (severely damaged)
The spray of energy hits the spatial vortex.
The spatial vortex is almost destroyed.
Casting: Dazzling Spray
Confirm with . or Enter, or press ? or * to list all spells.
Aiming: Dazzling Spray
Press: ? - help, Shift-Dir - straight line, f/p - spatial vortex
Aim: a spatial vortex (almost destroyed)
The spray of energy hits the spatial vortex.
The spatial vortex is almost destroyed.
You hit the spatial vortex.
The spatial vortex is almost destroyed.
The spatial vortex hits you!
Ouch! That really hurt!
Space warps horribly around you!
Ouch! That really hurt!
You die...

#####..# .#[.#..#
.#..#..###+#+###+##
.##+#..#..........#
.###...'.⌠........#
####...#...######'#
###....#.⌠.#__#...#
##.....#...#__#..v#
#......#+###__#.@.#
.#.....# #__#...+
###....# #_.'...#
▓▓▓▓▓▓ ▓▓▓▓▓▓▓▓


You could see a spatial vortex.

Vanquished Creatures
  A shadow (D)
  A water elemental (D)
  A jelly (D)
  A wolf (D)
  Jessica (D)
  A human (D)
  An ooze (D)
  2 rats (D)
9 creatures vanquished.

Vanquished Creatures (others)
  2 draconian scorchers (D)
  3 yaktaurs (D)
5 creatures vanquished.

Grand Total: 14 creatures vanquished

Notes
Turn   | Place    | Note
--------------------------------------------------------------
     0 | D        | Kidiri the Spriggan Enchanter began the quest for the Orb.
     0 | D        | Reached XP level 1. HP: 9/9 MP: 5/5
   132 | D        | Noticed Jessica
   138 | D        | Killed Jessica
   138 | D        | Reached skill level 1 in Armour
   138 | D        | Reached skill level 5 in Stealth
   138 | D        | Reached XP level 2. HP: 13/13 MP: 6/8
   138 | D        | Reached XP level 3. HP: 16/16 MP: 6/9
   152 | D        | Learned a level 2 spell: Ensorcelled Hibernation
   156 | D        | Learned a level 3 spell: Confuse
   160 | D        | Learned a level 3 spell: Dazzling Spray
   168 | D        | Killed a yaktaur
   171 | D        | Killed a white draconian scorcher
   173 | D        | Killed a white draconian scorcher
   182 | D        | Noticed a wolf
   412 | D        | Killed a yaktaur
   440 | D        | Killed a wolf
   440 | D        | Reached skill level 5 in Dodging
   440 | D        | Reached skill level 6 in Stealth
   447 | D        | Reached skill level 1 in Ice Magic
   447 | D        | Reached XP level 4. HP: 15/21 MP: 2/11
   452 | D        | Learned a level 3 spell: Tukima's Dance
   488 | D        | Reached skill level 8 in Dodging
   488 | D        | Reached skill level 9 in Stealth
   488 | D        | Reached skill level 5 in Hexes
   488 | D        | Reached XP level 5. HP: 19/24 MP: 6/15
   489 | D        | Reached skill level 10 in Stealth
   489 | D        | Reached XP level 6. HP: 22/28 MP: 6/18
   548 | D        | Gained mutation: Your spells are a little harder to cast, but a little more powerful. [potion of mutation]
   548 | D        | Gained mutation: You are partially covered in thin metallic scales (AC +2). [potion of mutation]
   548 | D        | Gained mutation: You are dopey. (Int -2) [potion of mutation]
   549 | D        | Gained mutation: Your muscles are strong. (Str +2) [potion of mutation]
   550 | D        | Gained mutation: You are frail (-10% HP). [potion of mutation]
   550 | D        | Gained mutation: You are somewhat resistant to further mutation. [potion of mutation]
   570 | D        | Noticed a water elemental
   573 | D        | Killed a water elemental
   582 | D        | Noticed a jelly
   583 | D        | Noticed a shadow
   604 | D        | Killed a shadow
   604 | D        | Reached skill level 10 in Dodging
   604 | D        | Reached skill level 11 in Stealth
   662 | D        | Killed a yaktaur
   720 | D        | Killed a jelly
   720 | D        | Reached XP level 7. HP: 28/28 MP: 20/20
   724 | D        | Found a stormy altar of Qazlal.
   725 | D        | Found a sacrificial altar of Ru.
   725 | D        | Found a burning altar of Makhleb.
   725 | D        | Found a viscous altar of Jiyva.
   725 | D        | Found a shimmering altar of Xom.
   725 | D        | Found a shadowy altar of Dithmenos.
   725 | D        | Found a sparkling altar of Nemelex Xobeh.
   725 | D        | Found a corrupted altar of Lugonu.
   725 | D        | Found an opulent altar of Gozag.
   725 | D        | Noticed a spatial vortex
   729 | D        | Became a worshipper of Dithmenos the Shadowed
   744 | D        | Slain by a spatial vortex

Vault maps used:
D:        dungeon_sprint_mu

Action                   |  1- 3 |  4- 6 |  7- 9 || total
-------------------------+-------+-------+-------++-------
Melee: Dagger            |    12 |     3 |     1 ||    16
 Cast: Ensorcelled Hiber |     7 |       |       ||     7
       Dazzling Spray    |       |     6 |     6 ||    12
  Use: Scroll            |       |     5 |       ||     5
       Potion            |       |     6 |       ||     6
 Stab: Sleeping          |     5 |     2 |       ||     7
